AoeStats
← 76561199111261343

Arabia

510345689Analyzed
1v1 RM · 1d ago on Sep 30, 2026· 29m 3s· 2 players
Game mode
Random Map
Map size
Tiny (2 player)
Population
200
Speed
Normal
Resources
Standard
Victory
Conquest
Starting age
Dark Age
Ending age
Imperial Age
RankedLock teamsTeams togetherTeam positionsShared explorationLock speedFull tech treeHidden civsTurbo modeCheats
Victory
Defeat
🇬🇧 Varangians · United Kingdom
670
+15
🇮🇳 Byzantines · India
648
-15
76561199111261343
10:47 Feudal Age
9:03 Loom
11:56 Double-Bit Axe
15:05 Horse Collar
21:06 Castle Age
24:00 Husbandry
24:51 Scale Barding Armor
guiyelmo91
11:48 Feudal Age
10:04 Loom
13:01 Double-Bit Axe
13:49 Arson
13:25 Man-at-Arms
17:53 Scale Mail Armor
24:44 Forging
28:47 Castle Age
Connection lost

Rejoining the realm…

Still unreachable

The connection could not be restored.

Session expired

The server has moved on; the page needs a fresh start.